[Event "Late-Titled-Tuesday-Blitz-March-26-2024"]
[Site "Chess.com"]
[Date "2024.03.26"]
[Round "1"]
[White "promen1999"]
[Black "stasOR4ik"]
[Result "1-0"]
[WhiteElo "2832"]
[BlackElo "2438"]
[TimeControl "180+1"]
[EndTime "14:06:04 PDT"]
[Termination "promen1999 won by resignation"]

1. d4 d5 2. c4 e6 3. cxd5 exd5 4. Nc3 Nf6 5. Bf4 c6 6. e3 Bd6 7. Bxd6 Qxd6 8. Bd3 O-O 9. h3 Na6 10. Nf3 Nc7 11.
O-O Bd7 12. Ne5 Rae8 13. f4 a6 14. Qd2 Bc8 15. a4 Nd7 16. Qc2 g6 17. Rae1 f6 18. Ng4 Kg7 19. Qf2 h5 20. Nh2 c5 21. Nf3 cxd4 22.
Nxd4 Nc5 23. Bb1 Ne4 24. Nxe4 dxe4 25. Rc1 Nd5 26. Rfd1 Qb6 27. f5 g5 28. Ne6+ Bxe6 29. fxe6 Rd8 30. Bxe4 Nxe3 31. Re1 Rd2 32. Qxe3 Qxe3+ 33.
Rxe3 Rxb2 34. Rc7+ Kg8 35. e7 Re8 36. Bg6 1-0

[Event "Late-Titled-Tuesday-Blitz-March-26-2024"]
[Site "Chess.com"]
[Date "2024.03.26"]
[Round "1"]
[White "TheCount"]
[Black "GAO"]
[Result "1-0"]
[WhiteElo "2638"]
[BlackElo "2314"]
[TimeControl "180+1"]
[EndTime "14:06:05 PDT"]
[Termination "TheCount won by resignation"]

1. d4 Nf6 2. c4 e6 3. Nf3 d5 4.
cxd5 exd5 5. a3 Be6 6. Nc3 Bd6 7. Bg5 c6 8. e3 Nbd7 9. Bd3 h6 10. Bh4 O-O 11.
Qc2 Re8 12. O-O Rc8 13. b4 Qc7 14. Bg3 a6 15. Na4 Bxg3 16. hxg3 Ne4 17. Nc5 Bf5 18. Rac1 Bg6 19. Nxd7 Qxd7 20. Ne5 Qd6 21. g4 Rxe5 22. dxe5 Qxe5 23. f3 Ng3 24. Rfe1 Bxd3 25. Qxd3 Re8 26. Kf2 f5 27. Qd4 Qd6 28. Qf4 Qf6 29. Qxg3 Qb2+ 30. Kg1 Qxa3 31. gxf5 Qxb4 32. f6 g5 33. Qc7 Qf8 34.
Qxb7 Qxf6 35. Qxc6 Qf7 36. Qxa6 g4 1-0

[Event "Late-Titled-Tuesday-Blitz-March-26-2024"]
[Site "Chess.com"]
[Date "2024.03.26"]
[Round "1"]
[White "martinmena"]
[Black "RantomOpening"]
[Result "0-1"]
[WhiteElo "2254"]
[BlackElo "2608"]
[TimeControl "180+1"]
[EndTime "14:06:05 PDT"]
[Termination "RantomOpening won on time"]

1. c4 e6 2. g3 d5 3. Bg2 Nf6 4. Nf3 Be7 5. Kf1 O-O 6. h3 d4 7. d3 c5 8. Kg1 Nc6 9. Kh2 e5 10. Bg5 h6 11. Bxf6 Bxf6 12. Nbd2 Be7 13. g4 f5 14. gxf5 Bxf5 15. Ng1 Qd7 16. Be4 Bg5 17. Bxf5 Qxf5 18. Ngf3 Bxd2 19. Qxd2 e4 20. dxe4 Qxe4 21. Rag1 Rae8 22. Qxh6 Rf7 23. Qd2 Qxe2 24. Qxe2 Rxe2 25.
Kg3 Rxb2 0-1

[Event "Late-Titled-Tuesday-Blitz-March-26-2024"]
[Site "Chess.com"]
[Date "2024.03.26"]
[Round "1"]
[White "nindjaxx8"]
[Black "Sacbutt"]
[Result "1-0"]
[WhiteElo "2647"]
[BlackElo "2321"]
[TimeControl "180+1"]
[EndTime "14:06:06 PDT"]
[Termination "nindjaxx8 won by resignation"]

1. d4 Nf6 2. c4 e6 3. Nc3 d5 4. cxd5 exd5 5. Bg5 Be7 6. e3 O-O 7. Nf3 c6 8. Bd3 Nbd7 9. O-O Re8 10. Qc2 Nf8 11. Rfe1 g6 12. a3 Ne6 13. Bh4 Ng7 14. b4 Bf5 15. Rab1 Bxd3 16. Qxd3 Nf5 17. Bg3 Nxg3 18. hxg3 a6 19. a4 Bd6 20. b5 axb5 21. axb5 Ra3 22. bxc6 bxc6 23. Rec1 Ne4 24. Nd2 Nxd2 25.
Qxd2 Qa5 26. Qc2 Bb4 27. Ne2 Ra2 28. Qxc6 Re6 29. Qc8+ Kg7 30. Nf4 Rf6 31. Qe8 Qa3 32.
Rc8 Ra1 33. Rxa1 Qa2 34. Kh2 Rxf4 35. Rxa2 1-0

[Event "Late-Titled-Tuesday-Blitz-March-26-2024"]
[Site "Chess.com"]
[Date "2024.03.26"]
[Round "1"]
[White "giomar27"]
[Black "dretch"]
[Result "0-1"]
[WhiteElo "2460"]
[BlackElo "2864"]
[TimeControl "180+1"]
[EndTime "14:06:07 PDT"]
[Termination "dretch won by resignation"]

1. d4 d5 2. Nc3 e6 3. Bf4 Bb4 4. e3 Nf6 5. Bd3 c5 6. Nf3 c4 7. Be2 Ne4 8. O-O Bxc3 9. bxc3 Nxc3 10. Qd2 Nxe2+ 11. Qxe2 O-O 12. a4 Nd7 13. e4 dxe4 14. Qxe4 Nf6 15. Qe2 Nd5 16. Bg3 c3 17. a5 Bd7 18. Rfb1 b6 19. Qa6 Qc8 20. Qd3 Rd8 21. Ne5 Be8 22. Nc4 Qc6 23. Ne5 Qc7 24. Nc4 Qe7 25. h4 b5 26. Ne5 b4 27. a6 f6 28. Nc4 Bb5 29. Ra5 Qd7 30. Qe2 Kh8 31. Re1 Rac8 32. Rxb5 Qxb5 33. Nd6 Qxe2 34. Rxe2 b3 35.
Nf7+ Kg8 36. Nxd8 b2 37. Re1 Rxd8 38. Kf1 Nb4 39. Ke2 Rxd4 40. Bb8 Nxc2 41. Rb1 Na3 0-1

[Event "Late-Titled-Tuesday-Blitz-March-26-2024"]
[Site "Chess.com"]
[Date "2024.03.26"]
[Round "1"]
[White "Zorbos"]
[Black "Hikaru"]
[Result "0-1"]
[WhiteElo "2538"]
[BlackElo "3275"]
[TimeControl "180+1"]
[EndTime "14:06:10 PDT"]
[Termination "Hikaru won on time"]

1. e4 a6 2. d4 c6 3. Nf3 d5 4.
Nc3 Bg4 5. e5 e6 6. Be2 c5 7.
dxc5 Bxc5 8. Bf4 Nc6 9. O-O Nge7 10. h3 Bxf3 11. Bxf3 Ng6 12. Bh2 Ngxe5 13. Re1 Nxf3+ 14. Qxf3 O-O 15. a3 Bd4 16. Rad1 Rc8 17. Qg4 Qf6 18. Bg3 Bxc3 19. bxc3 Qg6 20. Qe2 Na5 21. Be5 Nc4 22. Bd4 Rfe8 23. Rb1 b5 24. a4 bxa4 25. Rb7 a3 26.
Ra7 e5 27. Be3 h6 28. Rxa6 Qxa6 0-1

[Event "Late-Titled-Tuesday-Blitz-March-26-2024"]
[Site "Chess.com"]
[Date "2024.03.26"]
[Round "1"]
[White "VD_coach"]
[Black "Hrant_ChessMood"]
[Result "0-1"]
[WhiteElo "2502"]
[BlackElo "2942"]
[TimeControl "180+1"]
[EndTime "14:06:11 PDT"]
[Termination "Hrant_ChessMood won on time"]

1. d4 Nf6 2. c4 g6 3. Nf3 Bg7 4. g3 b6 5. Bg2 Bb7 6. O-O O-O 7. Nc3 Ne4 8. Nxe4 Bxe4 9. Be3 d6 10. Qd2 c5 11.
Bh6 Nc6 12. Bxg7 Kxg7 13. d5 Bxf3 14. Bxf3 Ne5 15. b3 h5 16. h4 b5 17. cxb5 a6 18. bxa6 Rxa6 19. Bg2 Qa5 20. Qb2 Qa3 21. Qc3 Qb4 22.
Qxb4 cxb4 23. Rfc1 Rfa8 24. Rc2 Ra3 25. Bh3 Rxb3 26. axb3 Rxa1+ 27. Kg2 Rb1 28. f4 Ng4 29. Bxg4 hxg4 30. Rc7 Kf6 31. Rb7 Rxb3 32. Kf2 Rb1 33.
Rb6 b3 34. Rb4 e6 35. Kg2 exd5 0-1

[Event "Late-Titled-Tuesday-Blitz-March-26-2024"]
[Site "Chess.com"]
[Date "2024.03.26"]
[Round "1"]
[White "dolynachess"]
[Black "MITerryble"]
[Result "0-1"]
[WhiteElo "2509"]
[BlackElo "2993"]
[TimeControl "180+1"]
[EndTime "14:06:12 PDT"]
[Termination "MITerryble won on time"]

1. d4 d5 2. c4 dxc4 3. Nf3 Nf6 4. g3 b5 5. a4 c6 6. Bg2 Bb7 7. O-O e6 8. Nc3 a6 9. e4 b4 10. e5 Nd5 11. Ne4 Nd7 12. a5 Be7 13. Bg5 O-O 14. Qc2 c5 15. dxc5 h6 16. Bxe7 Qxe7 17. Qxc4 Rfc8 18.
Rfc1 Rc7 19. Qd4 Bc6 20. Nd6 b3 21. Nd2 Rb8 22. Ra3 Rb4 23. Rc4 Rxc4 24. N2xc4 Bb5 25. Rxb3 Nxc5 26. Ra3 Nd7 27. Nxb5 axb5 28. Nd6 Rc1+ 29.
Bf1 f6 0-1

[Event "Late-Titled-Tuesday-Blitz-March-26-2024"]
[Site "Chess.com"]
[Date "2024.03.26"]
[Round "1"]
[White "bilelou"]
[Black "egnfanclub"]
[Result "1-0"]
[WhiteElo "2702"]
[BlackElo "2384"]
[TimeControl "180+1"]
[EndTime "14:06:14 PDT"]
[Termination "bilelou won by resignation"]

1. e4 e5 2. Nf3 Nc6 3. Bb5 a6 4. Ba4 d6 5. c3 f5 6. exf5 Bxf5 7. O-O Bd3 8. Re1 Be7 9. Bc2 Bxc2 10. Qxc2 Nf6 11. d4 e4 12. Ng5 O-O 13. Nxe4 d5 14.
Nxf6+ Bxf6 15. Be3 Ne7 16. Nd2 Qd7 17. Nf3 Nf5 18.
Bf4 Nd6 19. Ne5 Bxe5 20. Bxe5 Ne4 21. f3 Ng5 22. Re2 Rf5 23. h4 Ne6 24. Rae1 Raf8 25.
Bg3 R5f6 26. Re5 c6 27. Qe2 Nf4 28. Qe3 Qf7 29. Re7 Qg6 30. Bxf4 Rxf4 31. Qe6+ Qxe6 32. R1xe6 R8f7 33. Re8+ Rf8 34. R6e7 Rxe8 35. Rxe8+ Kf7 36.
Rb8 b5 37. Rb6 Rxh4 38. Rxc6 b4 39. Rxa6 bxc3 40. bxc3 1-0

[Event "Late-Titled-Tuesday-Blitz-March-26-2024"]
[Site "Chess.com"]
[Date "2024.03.26"]
[Round "1"]
[White "Truequitos"]
[Black "dropstoneDP"]
[Result "0-1"]
[WhiteElo "2515"]
[BlackElo "3014"]
[TimeControl "180+1"]
[EndTime "14:06:16 PDT"]
[Termination "dropstoneDP won by resignation"]

1. d4 d5 2. Bf4 c5 3. e3 Nc6 4. c3 Nf6 5. Nd2 cxd4 6. exd4 Bf5 7. Qb3 Qc8 8. Ngf3 e6 9. Bb5 Be7 10. O-O h6 11. Rfe1 O-O 12. h3 a6 13. Bxc6 Qxc6 14.
Ne5 Qc8 15. Qd1 Ne4 16. Nf1 f6 17. Nd3 Qc4 18. Ne3 Nxc3 19. bxc3 Qxd3 20. Nxd5 exd5 21. Qxd3 Bxd3 22. Rxe7 Rf7 23. Rae1 Bb5 24. Bd6 Bc6 25. Bc5 Rxe7 26. Rxe7 Re8 27. Rxe8+ Bxe8 28. Kf1 Kf7 29. Ke2 h5 30. Ke3 g5 31. h4 Ke6 32. hxg5 fxg5 33.
g3 Kf5 34. Bd6 h4 35. gxh4 gxh4 36. f3 h3 37. Bg3 Bh5 38. Ke2 Ke6 39. Ke3 Kd7 40.
Bh2 Kc6 41. Kf4 Kb5 42. Kg3 Kc4 43. f4 Kxc3 44. Bg1 Kb2 45. a4 Ka3 46. a5 Kb4 47. Kxh3 Kxa5 48. Kh4 Be8 49. Kg5 Kb5 50. Kf6 Kc4 51.
f5 b5 52. Ke7 Bh5 0-1

[Event "Late-Titled-Tuesday-Blitz-March-26-2024"]
[Site "Chess.com"]
[Date "2024.03.26"]
[Round "1"]
[White "Matrix3x3a"]
[Black "JiiHart"]
[Result "1-0"]
[WhiteElo "2594"]
[BlackElo "2198"]
[TimeControl "180+1"]
[EndTime "14:06:16 PDT"]
[Termination "Matrix3x3a won on time"]

1. d4 d5 2. c4 c5 3. cxd5 Qxd5 4. Nf3 cxd4 5. Nc3 Qd8 6. Qxd4 Qxd4 7. Nxd4 Nf6 8.
Ndb5 Na6 9. g3 Bd7 10. Bg2 Bc6 11. Bxc6+ bxc6 12. Nd4 Rc8 13. O-O e6 14. Rd1 Be7 15. Bg5 O-O 16. Rac1 Rfd8 17. Ne4 Nxe4 18. Bxe7 Rd7 19.
Ba3 Rcd8 20. f3 c5 21. fxe4 cxd4 22. e5 Rd5 23. Bd6 f6 24. Be7 R8d7 25. exf6 gxf6 26. Bxf6 e5 27. Bg5 Nc5 28. Bd2 Ne4 29. Be1 Nf6 30. Kg2 e4 31. Rc4 e3 32. Rd3 Ne4 33. b4 a6 34. a4 h5 35. h3 h4 36. g4 1-0

[Event "Late-Titled-Tuesday-Blitz-March-26-2024"]
[Site "Chess.com"]
[Date "2024.03.26"]
[Round "1"]
[White "noblerone"]
[Black "Jospem"]
[Result "1/2-1/2"]
[WhiteElo "2533"]
[BlackElo "3079"]
[TimeControl "180+1"]
[EndTime "14:06:17 PDT"]
[Termination "Game drawn by repetition"]

1. d4 Nf6 2. Nf3 e6 3. Bg5 b6 4. Nbd2 Bb7 5. e4 Be7 6. e5 Nd5 7. Bxe7 Qxe7 8. g3 O-O 9. Bg2 d6 10. O-O dxe5 11. Nxe5 c5 12. dxc5 bxc5 13. Ndc4 Nc6 14.
Nxc6 Bxc6 15. Ne5 Bb7 16. a3 Rac8 17. c4 Nf6 18. Bxb7 Qxb7 19. Qe2 Rb8 20. Rab1 a5 21. h3 Rfd8 22. Qe3 Qc7 23. Nf3 h6 24. b3 Qb7 25.
Rfe1 Rbc8 26. Red1 Rxd1+ 27. Rxd1 a4 28. bxa4 Qa6 29.
Qb3 Qa8 30. Ne5 Rb8 31. Qc2 Qa6 32. Nd7 Nxd7 33. Rxd7 Qc6 34. Qd3 Qxa4 35. Rd8+ Rxd8 36. Qxd8+ Kh7 37. Qd3+ f5 38. g4 Kg6 39. gxf5+ exf5 40. Qd6+ Kh7 41. Qxc5 Qd1+ 42. Kg2 Qd3 43. Qd5 Qc2 44. a4 Qxa4 45. Qxf5+ Kh8 46. Qd5 Qb3 47. Qd8+ Kh7 48. Qd5 Kh8 49. Qe4 Qa4 50. Qd5 Qb3 1/2-1/2

[Event "Late-Titled-Tuesday-Blitz-March-26-2024"]
[Site "Chess.com"]
[Date "2024.03.26"]
[Round "1"]
[White "DinaBelenkaya"]
[Black "XDPS"]
[Result "0-1"]
[WhiteElo "2479"]
[BlackElo "2898"]
[TimeControl "180+1"]
[EndTime "14:06:17 PDT"]
[Termination "XDPS won by resignation"]

1. Nf3 d6 2. g3 g6 3. Bg2 Bg7 4. d4 Nf6 5. O-O O-O 6. c4 c6 7. Nc3 Bf5 8. h3 Ne4 9. Nd2 Nxc3 10. bxc3 Qc8 11. Kh2 e5 12. e4 Be6 13. f4 exd4 14.
cxd4 Bxd4 15. Rb1 Bg7 16. f5 gxf5 17. exf5 Bxf5 18. Rb3 Bg6 19. Ne4 d5 20. cxd5 cxd5 21. Qxd5 Nc6 22. Nf6+ Kh8 23. Bb2 Rd8 24. Qg5 h6 25.
Qh4 Rd2 26. Bc3 Rc2 27. Nd5 Rxc3 28. Rxc3 Qd7 29. Nf6 Qd2 30. Rc4 Qxa2 31. Rg4 Ne5 32. Rd4 Rc8 33. Nh5 Rc2 34. Rg1 Nf3+ 35. Kh1 Nxh4 36.
gxh4 Bxd4 0-1

[Event "Late-Titled-Tuesday-Blitz-March-26-2024"]
[Site "Chess.com"]
[Date "2024.03.26"]
[Round "1"]
[White "HelenaWalker2912"]
[Black "Shankland"]
[Result "0-1"]
[WhiteElo "2492"]
[BlackElo "2923"]
[TimeControl "180+1"]
[EndTime "14:06:18 PDT"]
[Termination "Shankland won on time"]

1. d4 d5 2. c4 c6 3. Nf3 Nf6 4. Nc3 e6 5. e3 Nbd7 6. Qc2 Bd6 7. Bd3 O-O 8. O-O dxc4 9. Bxc4 b5 10. Bd3 Bb7 11. e4 e5 12. dxe5 Nxe5 13.
Nxe5 Bxe5 14. h3 Re8 15. Be3 Qc7 16. Rfe1 a6 17. a4 Rad8 18. Rad1 h6 19. Ne2 c5 20. f4 c4 21. fxe5 Qxe5 22. Bxc4 Bxe4 23. Qc3 Rxd1 24. Rxd1 bxc4 25. Qxe5 Rxe5 26. Bd4 Re6 27. Bxf6 Rxf6 28. Rd4 Bd3 29. Nf4 Bc2 30. Rxc4 Bb3 31. Rb4 Ba2 32. Nd3 a5 33. Rd4 Rc6 34. Ne5 Rc5 35.
Rd8+ Kh7 36. Nd7 Rc1+ 37. Kf2 g5 38. Rb8 Rc2+ 39. Ke3 Rxg2 40. Ne5 Kg7 41. Rb5 Be6 42. Rxa5 Rxb2 43. h4 gxh4 44. Nf3 h3 0-1

[Event "Late-Titled-Tuesday-Blitz-March-26-2024"]
[Site "Chess.com"]
[Date "2024.03.26"]
[Round "1"]
[White "TorFredrikKaasen"]
[Black "EvilMorty23"]
[Result "1-0"]
[WhiteElo "2833"]
[BlackElo "2439"]
[TimeControl "180+1"]
[EndTime "14:06:18 PDT"]
[Termination "TorFredrikKaasen won by checkmate"]

1. e4 e6 2. d4 d5 3. Nc3 Nf6 4. e5 Nfd7 5. f4 c5 6. Nf3 Nc6 7. Be3 a6 8. Bd3 b5 9. O-O cxd4 10. Nxd4 Bc5 11. Nce2 Qb6 12. c3 f6 13. exf6 gxf6 14.
b4 Bxd4 15. Nxd4 Nf8 16. Qh5+ Kd7 17. a4 Nxd4 18. Bxd4 Qd8 19. axb5 Qe7 20. bxa6 Rg8 21. b5 Ng6 22. b6 Qg7 23. Qe2 Nh4 24. g3 Nf5 25.
Bxf5 exf5 26. b7 Bxb7 27. axb7 Rxa1 28. Qb5+ Kc7 29. Rxa1 Rb8 30. Bb6+ Kd6 31. Qc5+ Ke6 32. Re1+ Kf7 33. Re7+ Kg6 34. Rxg7+ Kxg7 35. Qc7+ Kg6 36.
Qxb8 d4 37. Qg8+ Kh5 38. b8=Q dxc3 39. Qbe8+ Kh6 40. Bc5 c2 41. Bf8# 1-0

[Event "Late-Titled-Tuesday-Blitz-March-26-2024"]
[Site "Chess.com"]
[Date "2024.03.26"]
[Round "1"]
[White "campochess"]
[Black "HaryKane"]
[Result "0-1"]
[WhiteElo "2165"]
[BlackElo "2578"]
[TimeControl "180+1"]
[EndTime "14:06:18 PDT"]
[Termination "HaryKane won by checkmate"]

1. e4 e6 2. Qe2 g6 3. d4 Bg7 4. Nf3 Ne7 5. Nc3 d6 6. Bg5 h6 7. Be3 a6 8. Nd2 b5 9. a3 Bb7 10. g3 Nd7 11. Bg2 O-O 12. O-O c5 13. dxc5 Nxc5 14.
Rad1 Qc7 15. Bxc5 dxc5 16. Rfe1 Bc6 17. f3 b4 18. Na2 Bxb2 19. axb4 cxb4 20. Nxb4 Qb6+ 21.
Kh1 Qxb4 22. Rb1 Rab8 23. Nc4 Bb5 24. Rxb2 Qxc4 25. Qd2 Rfd8 26. Qxh6 Qc3 27. Reb1 Rd2 28. Qg5 Rbd8 29. h4 Rxg2 30. Kxg2 Rd2+ 31. Kh3 f6 32.
Qf4 Bd7 33. Qh6 e5+ 34. g4 Qxf3# 0-1

[Event "Late-Titled-Tuesday-Blitz-March-26-2024"]
[Site "Chess.com"]
[Date "2024.03.26"]
[Round "1"]
[White "YoreDea"]
[Black "dianamirza"]
[Result "1-0"]
[WhiteElo "2546"]
[BlackElo "1980"]
[TimeControl "180+1"]
[EndTime "14:06:18 PDT"]
[Termination "YoreDea won by resignation"]

1. e4 d5 2. exd5 Qxd5 3. h3 Qd8 4.
Nf3 Nf6 5. d4 c5 6. dxc5 Qxd1+ 7.
Kxd1 Na6 8. Bxa6 bxa6 9. c3 Bf5 10. Be3 e6 11. Nbd2 Rc8 12. b4 Nd5 13. Rc1 Nxe3+ 14. fxe3 Be7 15. Nd4 Bg6 16. Ke2 O-O 17. N2b3 e5 18.
Nf3 e4 19. Nfd4 f5 20. g3 Bh5+ 21. Kf2 g5 22. Rhg1 Kh8 23. Ne6 Rfe8 24. Nbd4 Bf7 25. h4 gxh4 26. Nf4 hxg3+ 27. Kxg3 Rg8+ 28. Kh3 Bg5 29. Rg3 Bxa2 30. Rcg1 Bxf4 31. Rxg8+ Bxg8 32. exf4 Rf8 33. Kh4 Bc4 34. c6 Rf7 35. Rg5 e3 36.
Kg3 e2 37. Kf2 Re7 38. Ke1 Rg7 39. Rxg7 Kxg7 40. c7 1-0

[Event "Late-Titled-Tuesday-Blitz-March-26-2024"]
[Site "Chess.com"]
[Date "2024.03.26"]
[Round "1"]
[White "GrotBchess"]
[Black "AnthonyWirig"]
[Result "0-1"]
[WhiteElo "2435"]
[BlackElo "2818"]
[TimeControl "180+1"]
[EndTime "14:06:19 PDT"]
[Termination "AnthonyWirig won by resignation"]

1. e4 e6 2. d4 d5 3. Nc3 Bb4 4. e5 c5 5. Bd2 Ne7 6. a3 Bxc3 7. Bxc3 b6 8. Qg4 Kf8 9. h4 h5 10. Qf4 Ba6 11. Nf3 Ng6 12. Qg3 Bxf1 13. Rxf1 Nc6 14. O-O-O Nce7 15. Qh3 Nf5 16. g3 a5 17. Rfe1 c4 18. Bd2 b5 19. Bg5 Qb6 20. g4 hxg4 21. Qxg4 b4 22. a4 Qc6 23. h5 Qxa4 24. Kd2 c3+ 25.
bxc3 bxc3+ 26. Ke2 Qxc2+ 27. Kf1 Nge7 28. Bxe7+ Kxe7 29.
Rc1 Qd3+ 30. Kg1 Rhb8 31. Nh4 Nxd4 32. Qxg7 Rg8 33. Ng6+ Qxg6+ 34. Qxg6 fxg6 35. Rxc3 gxh5+ 36. Kh2 Rac8 37. Ra3 Nc2 0-1

[Event "Late-Titled-Tuesday-Blitz-March-26-2024"]
[Site "Chess.com"]
[Date "2024.03.26"]
[Round "1"]
[White "Viktor_Poddubnyi"]
[Black "slorovel"]
[Result "0-1"]
[WhiteElo "2310"]
[BlackElo "2632"]
[TimeControl "180+1"]
[EndTime "14:06:19 PDT"]
[Termination "slorovel won on time"]

1. e4 c5 2. Nf3 Nc6 3. d4 cxd4 4. Nxd4 Nf6 5. Nc3 e5 6. Ndb5 d6 7. Bg5 a6 8. Na3 b5 9. Bxf6 gxf6 10. Nd5 f5 11. c3 Bg7 12. exf5 Bxf5 13. Nc2 O-O 14. Nce3 Be6 15. Bd3 f5 16. O-O Kh8 17. a4 b4 18. cxb4 e4 19. Nf4 Bf7 20. b5 Ne5 21. Be2 Qg5 22. Nh3 Qf6 23. bxa6 f4 24. Ng4 Nxg4 25.
Bxg4 Rxa6 26. Be2 Raa8 27. Bb5 Be6 28. Qh5 d5 29. Ng5 Bg8 30. Rad1 h6 31. Nh3 d4 32.
Rfe1 Bh7 0-1

[Event "Late-Titled-Tuesday-Blitz-March-26-2024"]
[Site "Chess.com"]
[Date "2024.03.26"]
[Round "1"]
[White "Bryanl106"]
[Black "RianKapriaga"]
[Result "1-0"]
[WhiteElo "2664"]
[BlackElo "2356"]
[TimeControl "180+1"]
[EndTime "14:06:25 PDT"]
[Termination "Bryanl106 won on time"]

1. e4 c6 2. Nf3 d5 3. Nc3 Bg4 4. h3 Bxf3 5. Qxf3 Nf6 6. e5 Nfd7 7. e6 fxe6 8. d4 Qb6 9. Qg4 e5 10. dxe5 Nxe5 11. Qh5+ Nf7 12. Bd3 Nd7 13. O-O g6 14. Qh4 Bg7 15. Re1 e5 16. Qg4 O-O-O 17. Bf1 Rde8 18.
Na4 Qc7 19. c4 d4 20. b4 Rhf8 21. Rb1 Kb8 22. c5 Nf6 23. Qd1 Rd8 24. b5 e4 25.
b6 axb6 26. Nxb6 e3 27. Qa4 exf2+ 28. Kh1 Qxb6 29. cxb6 Nd5 30. Qa7+ Kc8 31. Qa8+ Kd7 32. Qxb7+ Kd6 33. Ba3+ 1-0

[Event "Late-Titled-Tuesday-Blitz-March-26-2024"]
[Site "Chess.com"]
[Date "2024.03.26"]
[Round "1"]
[White "artooon"]
[Black "dennisodessa"]
[Result "1-0"]
[WhiteElo "3033"]
[BlackElo "2517"]
[TimeControl "180+1"]
[EndTime "14:06:26 PDT"]
[Termination "artooon won by resignation"]

1. e4 e6 2. d4 d5 3. Nd2 Be7 4.
Ngf3 Nf6 5. e5 Nfd7 6. c3 c5 7. Bd3 Nc6 8. O-O O-O 9. a3 cxd4 10. cxd4 f6 11. exf6 Nxf6 12. Re1 a5 13. Nf1 Bd6 14. Ng3 Qb6 15. Bc2 Bd7 16. Rb1 Rae8 17. Bg5 Ng4 18. Qd3 g6 19. Qd2 e5 20. dxe5 Ncxe5 21. Nxe5 Bxe5 22. Rf1 Bb5 23. Bd3 Nxf2 24. Bxb5 Ne4+ 25. Be3 Qxb5 26. Nxe4 dxe4 27. Rfe1 Qd3 28. Qxa5 Bd4 29. Qd5+ 1-0

[Event "Late-Titled-Tuesday-Blitz-March-26-2024"]
[Site "Chess.com"]
[Date "2024.03.26"]
[Round "1"]
[White "Rikikits"]
[Black "kinga2008"]
[Result "1-0"]
[WhiteElo "2843"]
[BlackElo "2447"]
[TimeControl "180+1"]
[EndTime "14:06:26 PDT"]
[Termination "Rikikits won by resignation"]

1. d4 g6 2. h4 Bg7 3. h5 e6 4. e4 d5 5. h6 Bf6 6. e5 Be7 7.
Nf3 c5 8. c3 Nc6 9. a3 Bd7 10.
Bd3 Qb6 11. Bc2 Rc8 12. O-O c4 13. Nh2 f6 14. exf6 Nxf6 15. Nd2 O-O 16. Ndf3 Bd6 17. Re1 Qc7 18. Bg5 Nh5 19. Ng4 Bf4 20. Qe2 Rce8 21. Bxf4 Qxf4 22. Nfe5 Nxe5 23. Nxe5 Bc8 24. g3 Qxh6 25.
Kg2 Qg5 26. Qg4 Qd2 27. Re2 Qh6 28. Rh1 Kh8 29. Bxg6 Nf4+ 30. gxf4 Qxf4 31. Rxh7+ 1-0

[Event "Late-Titled-Tuesday-Blitz-March-26-2024"]
[Site "Chess.com"]
[Date "2024.03.26"]
[Round "1"]
[White "Agibileg"]
[Black "wanyaland"]
[Result "1-0"]
[WhiteElo "2765"]
[BlackElo "2411"]
[TimeControl "180+1"]
[EndTime "14:06:26 PDT"]
[Termination "Agibileg won by resignation"]

1. d4 d5 2. c4 e6 3. Nc3 Be7 4. cxd5 exd5 5. Qc2 c6 6. Nf3 Nf6 7. Bg5 O-O 8. e3 Nbd7 9. Bd3 b5 10. O-O Bb7 11.
Rfe1 Re8 12. Rad1 h6 13. Bf4 Nb6 14. e4 b4 15. Nb1 dxe4 16. Bxe4 Nxe4 17. Qxe4 Nd5 18.
Be5 Bf8 19. Qc2 Rc8 20. Nbd2 c5 21. dxc5 Bxc5 22. Nc4 Qd7 23. h3 Qb5 24. b3 Nb6 25.
Nh4 Nxc4 26. bxc4 Qb6 27. Qf5 Re6 28. Rd7 Rf8 29. Rf1 Qc6 30. Rd5 Qc8 31. Bxg7 Bxd5 32. Bxf8 Bxc4 33. Bxc5 Bxf1 34. Qg4+ Kh7 35. Bd4 Qg8 36.
Qf5+ Rg6 37. Kxf1 Qd8 38. Qxf7+ 1-0

[Event "Late-Titled-Tuesday-Blitz-March-26-2024"]
[Site "Chess.com"]
[Date "2024.03.26"]
[Round "1"]
[White "cakeuvdort"]
[Black "Mikayel99"]
[Result "0-1"]
[WhiteElo "2081"]
[BlackElo "2564"]
[TimeControl "180+1"]
[EndTime "14:06:26 PDT"]
[Termination "Mikayel99 won by resignation"]

1. Nf3 g6 2. e3 Bg7 3. d4 c5 4. b3 cxd4 5. exd4 d5 6. Bb2 Nc6 7. Be2 Bg4 8. Nbd2 e6 9. O-O Nge7 10. h3 Bxf3 11. Nxf3 O-O 12. a3 Rc8 13. Qd2 Nf5 14.
Rfd1 Nd6 15. Bd3 a6 16. Re1 Qb6 17. Ne5 Rfd8 18. Qf4 Nxe5 19. dxe5 Nb5 20. h4 d4 21. h5 Nc7 22. h6 Bf8 23. Qg5 Nd5 24. Re4 Ne7 25.
Rf4 Rd7 26. a4 Qd8 27. Re1 Nf5 28. Qxd8 Rcxd8 29. Bxf5 gxf5 30. Rd1 d3 31. cxd3 Rxd3 32. Rxd3 Rxd3 33. Rh4 Rxb3 34. Bc1 Rb1 35. Rc4 Bxh6 36. f4 Bxf4 0-1

[Event "Late-Titled-Tuesday-Blitz-March-26-2024"]
[Site "Chess.com"]
[Date "2024.03.26"]
[Round "1"]
[White "MetiForce"]
[Black "iAspet"]
[Result "1-0"]
[WhiteElo "2900"]
[BlackElo "2481"]
[TimeControl "180+1"]
[EndTime "14:06:27 PDT"]
[Termination "MetiForce won by resignation"]

1. d4 Nf6 2. Bg5 d5 3. Nc3 e6 4. e3 Be7 5. Bd3 O-O 6. Nge2 b6 7. Nf4 c5 8. Qf3 Ba6 9. O-O Bxd3 10. Nxd3 cxd4 11.
exd4 Nc6 12. Ne2 Rc8 13. c3 h6 14. Bxf6 Bxf6 15. Ng3 a5 16. Nh5 b5 17. a3 Kh7 18.
b4 e5 19. dxe5 Nxe5 20. Nxe5 Bxe5 21. Qf5+ g6 22. Qxe5 gxh5 23. Qxh5 Qg5 24. Qf3 a4 25. Rad1 Qg7 26. Rd3 Rc4 27. g3 Rfc8 28. Qxd5 Rxc3 29. Qxb5 Rb3 30. Rxb3 axb3 31. Qf5+ 1-0

[Event "Late-Titled-Tuesday-Blitz-March-26-2024"]
[Site "Chess.com"]
[Date "2024.03.26"]
[Round "1"]
[White "Zhigalko_Sergei"]
[Black "KingCrusher275"]
[Result "1-0"]
[WhiteElo "2889"]
[BlackElo "2470"]
[TimeControl "180+1"]
[EndTime "14:06:27 PDT"]
[Termination "Zhigalko_Sergei won by resignation"]

1. e4 e5 2. Nf3 Nf6 3. d4 Nxe4 4. Bd3 d5 5. Nxe5 Nd7 6. Nxd7 Bxd7 7. O-O Be7 8. Re1 Nd6 9. Qh5 Be6 10. Rxe6 g6 11. Qe5 Rf8 12. Rxe7+ Qxe7 13. Nc3 c6 14. Bh6 Rg8 15.
Re1 Qxe5 16. dxe5 Nf5 17. Bxf5 gxf5 18. Ne2 Rg4 19. Bf4 Kd7 20. g3 c5 21. Rd1 Kc6 22.
Kg2 Rd8 23. c3 b5 24. Kf3 a5 25. h4 b4 26. Bg5 Rd7 27. Nf4 a4 28. cxb4 cxb4 29. Kg2 h6 30. Bxh6 Rg8 31. Bg5 d4 32. Bf6 a3 33. bxa3 bxa3 34. h5 Kc5 35. h6 1-0

[Event "Late-Titled-Tuesday-Blitz-March-26-2024"]
[Site "Chess.com"]
[Date "2024.03.26"]
[Round "1"]
[White "AsaHoffmann"]
[Black "Adar_07"]
[Result "0-1"]
[WhiteElo "2418"]
[BlackElo "2772"]
[TimeControl "180+1"]
[EndTime "14:06:27 PDT"]
[Termination "Adar_07 won by checkmate"]

1. d4 Nf6 2. Bg5 Ne4 3. Bf4 c5 4. f3 Nf6 5. dxc5 Nc6 6. Nc3 e5 7. Be3 Qa5 8. Qd2 Bxc5 9. Bxc5 Qxc5 10. e4 d6 11. O-O-O Ke7 12. Qg5 Be6 13. Nge2 h6 14. Qd2 Rac8 15. a3 Rhd8 16. Kb1 d5 17. exd5 Nxd5 18. Ne4 Qb6 19. Qc1 f5 20. N4c3 Ne3 21. Re1 f4 22. g3 g5 23. h4 Bf5 24. hxg5 Nxc2 25. Qxc2 Bxc2+ 26. Kxc2 Qf2 27. Bh3 Nd4+ 28. Kb1 Nxf3 29. Rc1 Nd2+ 30. Ka2 Rxc3 31. Nxc3 Nc4 32. Rb1 Rd2 33. Nd1 Qf3 34. Rf1 Qxa3# 0-1

[Event "Late-Titled-Tuesday-Blitz-March-26-2024"]
[Site "Chess.com"]
[Date "2024.03.26"]
[Round "1"]
[White "Jimonios"]
[Black "ernestina08chess"]
[Result "1-0"]
[WhiteElo "2610"]
[BlackElo "2266"]
[TimeControl "180+1"]
[EndTime "14:06:31 PDT"]
[Termination "Jimonios won by resignation"]

1. b3 e5 2. Bb2 Nc6 3. e3 d5 4.
Bb5 Bd6 5. f4 Qe7 6. Nc3 Nf6 7.
fxe5 Bxe5 8. Nf3 Bg4 9. O-O O-O 10. h3 Bxf3 11. Qxf3 Rad8 12. d4 Bd6 13. Rae1 Nb4 14.
Rf2 c6 15. Bf1 Rde8 16. g4 Qc7 17. Rg2 Re6 18. a3 Na6 19. g5 Ne4 20. Nxe4 dxe4 21.
Qf5 Nb8 22. Bc4 Ree8 23. g6 hxg6 24. Qxg6 Be5 25. dxe5 1-0